 Dungeon Crawl Stone Soup version 0.21.1-1-g345015fe64 (webtiles) character file.

629 Loge the Conjurer (level 7, 0/36 HPs)
             Began as a Deep Elf Fire Elementalist on July 18, 2018.
             Was a Follower of Sif Muna.
             Slain by an ice beast (7 damage)
             ... on level 4 of the Dungeon.
             The game lasted 00:12:13 (5401 turns).

Loge the Conjurer (Deep Elf Fire Elementalist)      Turns: 5401, Time: 00:12:14

Health: 0/36       AC:  3    Str:  5    XL:     7   Next: 23%
Magic:  14/17      EV: 13    Int: 22    God:    Sif Muna [*.....]
Gold:   157        SH:  0    Dex: 15    Spells: 1/16 levels left

rFire    . . .     SeeInvis .   i - +0 dagger (holy)
rCold    . . .     Gourm    .   (no shield)
rNeg     . . .     Faith    .   a - +0 robe
rPois    .         Spirit   .   p - +0 helmet
rElec    .         Reflect  .   (no cloak)
rCorr    .         Harm     .   (no gloves)
MR       .....                  (no boots)
Stlth    ++........             (no amulet)
HPRegen  0.12/turn              (no ring)
MPRegen  0.15/turn              (no ring)

@: no status effects
A: no striking features
a: Divine Energy, Renounce Religion


You were on level 4 of the Dungeon.
You worshipped Sif Muna.
Sif Muna was aware of your devotion.
You were not hungry.

You visited 1 branch of the dungeon, and saw 5 of its levels.

You collected 157 gold pieces.

Inventory:

Hand Weapons
 i - a +0 dagger of holy wrath (weapon)
Missiles
 g - 29 poisoned needles
Armour
 a - a +0 robe (worn)
 k - a +0 buckler
 p - a +0 helmet (worn)
Jewellery
 f - a +5 ring of intelligence {unknown}
 m - an uncursed amulet of guardian spirit {unknown}
Scrolls
 d - 5 scrolls of remove curse {unknown}
 l - 2 scrolls of identify {unknown}
 n - 2 scrolls of enchant armour {unknown}
 r - a scroll of enchant weapon {unknown}
Potions
 e - 2 potions of degeneration {unknown}
 h - a potion of agility {unknown}
 j - 2 potions of curing
 o - a potion of berserk rage {unknown}
 q - a potion of cancellation {unknown}
Books
 b - a book of Flames

   Spells                             Type                      Level
   a - Flame Tongue                   Conjuration/Fire             1
   b - Throw Flame                    Conjuration/Fire             2
   c - Conjure Flame                  Conjuration/Fire             3
   d - Inner Flame                    Hexes/Fire                   3
   e - Sticky Flame                   Conjuration/Fire             4
   f - Fireball                       Conjuration/Fire             5
Comestibles
 c - 8 rations


   Skills:
 - Level 2.4 Dodging
 - Level 2.4 Stealth
 + Level 2.4 Shields
 + Level 5.4 Spellcasting
 * Level 5.5 Conjurations
 + Level 5.1 Fire Magic


You had one spell level left.
You knew the following spells:

 Your Spells              Type           Power        Failure   Level  Hunger
a - Flame Tongue          Conj/Fire      ####.        1%          1    None
b - Throw Flame           Conj/Fire      ####..       1%          2    None
c - Conjure Flame         Conj/Fire      ####....     3%          3    ##.....
d - Sticky Flame          Conj/Fire      ####....     11%         4    ####...
g - Fireball              Conj/Fire      ####......   30%         5    #####..


Dungeon Overview and Level Annotations

Branches:
Dungeon (5/15)
 Temple: D:4-7

Altars:
Ashenzari
Dithmenos
Fedhas
Gozag
Nemelex Xobeh
Sif Muna
Trog
Xom
The Shining One

Annotations:
D:4 exclusion: downstairs
D:5 Dowan, Duvessa


Message History

Casting: Flame Tongue
Confirm with . or Enter, or press ? or * to list all spells.
Aiming: Flame Tongue
Press: ? - help, Shift-Dir - straight line, f/p - ice beast
Aim: an ice beast (almost dead)
The flame tongue hits the ice beast.
The ice beast appears unharmed.
The ice beast is almost dead.
The ice beast hits you. The ice beast freezes you!
* * * LOW HITPOINT WARNING * * *
Casting: Flame Tongue
Confirm with . or Enter, or press ? or * to list all spells.
Aiming: Flame Tongue
Press: ? - help, Shift-Dir - straight line, f/p - ice beast
Aim: an ice beast (almost dead)
The flame tongue hits the ice beast.
The ice beast melts!
The ice beast is almost dead.
The ice beast hits you.
* * * LOW HITPOINT WARNING * * *
The ice beast freezes you!
You die...

.........####........#
.....................#
........######.......#
........#...##......>#
........#....[[......#
........#.......>....#
........#....)...##..#
........######...##..#
...##'#......#..@#...#
...#..#......#..Y#...#
...#..+......#...#...#
...#'##......#...+...#
####..###....#...##..#
..'.....'....'...##..#
..#.....#....#.......#
..#.....#....#.......#
#########....#########


You could see an ice beast.

Vanquished Creatures
  Sigmund (D:2)
  An orc warrior (D:3)
  The ghost of Tali the Covered, an amateur MiFi (D:3)
  3 orc priests
  Jessica (D:3)
  2 worker ants
  3 adders
  An adder skeleton (D:4)
  6 worms
  2 dart slugs
  A leopard gecko (D:2)
  15 orcs
  A ball python (D:1)
  4 giant cockroaches
  8 hobgoblins
  A quokka (D:2)
  8 bats
  7 frilled lizards
  7 goblins
  A jackal zombie (D:5)
  7 kobolds
  A leopard gecko skeleton (D:4)
  A leopard gecko zombie (D:4)
  8 rats
91 creatures vanquished.

Notes
Turn   | Place    | Note
-------+----------+-------------------------------------------
     0 | D:1      | Loge the Deep Elf Fire Elementalist began the quest for the Orb.
     0 | D:1      | Reached XP level 1. HP: 10/10 MP: 6/6
   228 | D:1      | Reached XP level 2. HP: 15/15 MP: 5/8
   232 | D:1      | Learned a level 2 spell: Throw Flame
   836 | D:2      | Found a glowing golden altar of the Shining One.
   852 | D:2      | Reached XP level 3. HP: 19/19 MP: 1/10
   927 | D:2      | Learned a level 3 spell: Conjure Flame
  1040 | D:2      | Noticed Sigmund
  1387 | D:2      | Found a shadowy altar of Dithmenos.
  1552 | D:2      | Found an opulent altar of Gozag.
  1745 | D:2      | Found a blossoming altar of Fedhas.
  1745 | D:2      | Found a shimmering altar of Xom.
  1747 | D:2      | Found a bloodstained altar of Trog.
  1748 | D:2      | Found a sparkling altar of Nemelex Xobeh.
  1749 | D:2      | Found a deep blue altar of Sif Muna.
  1750 | D:2      | Found a shattered altar of Ashenzari.
  2026 | D:2      | Became a worshipper of Sif Muna the Loreminder
  2086 | D:2      | Killed Sigmund
  2086 | D:2      | Reached skill level 1 in Shields
  2086 | D:2      | Reached XP level 4. HP: 18/24 MP: 2/12
  2086 | D:2      | Reached XP level 5. HP: 21/28 MP: 2/13
  2335 | D:2      | Learned a level 4 spell: Sticky Flame
  2343 | D:3      | Noticed Jessica
  2344 | D:3      | Killed Jessica
  2596 | D:3      | Reached XP level 6. HP: 32/32 MP: 6/14
  2942 | D:3      | Noticed an orc warrior
  2957 | D:3      | Killed an orc warrior
  3277 | D:3      | Noticed Tali's ghost (amateur MiFi)
  3313 | D:3      | Killed Tali's ghost
  3313 | D:3      | Reached * piety under Sif Muna
  3313 | D:3      | Reached skill level 5 in Spellcasting
  3313 | D:3      | Reached skill level 5 in Conjurations
  3908 | D:3      | Reached XP level 7. HP: 36/36 MP: 5/16
  4029 | D:4      | Reached skill level 5 in Fire Magic
  4665 | D:4      | Learned a level 5 spell: Fireball
  5005 | D:5      | Entered Level 5 of the Dungeon
  5016 | D:5      | Noticed Dowan
  5017 | D:5      | Noticed Duvessa
  5401 | D:4      | Slain by an ice beast

Skill      XL: |  1  2  3  4  5  6  7 |
---------------+----------------------+-----
Conjurations   | 2 3 4 5 |  5.5
Shields        | 1 2 |  2.4
Spellcasting   | 4 5 |  5.4
Fire Magic     | 4 5 |  5.1
Dodging        | |  2.4
Stealth        | |  2.4

Action                   |  1- 3 |  4- 6 |  7- 9 || total
-------------------------+-------+-------+-------++-------
 Cast: Flame Tongue      |    60 |    53 |    44 ||   157
       Throw Flame       |    26 |    29 |    11 ||    66
       Conjure Flame     |     1 |    12 |     1 ||    14
  Eat: Chunk             |     4 |     6 |     2 ||    12
       Ration            |       |       |     1 ||     1
Armor: Robe              |     2 |       |     2 ||     4
Dodge: Dodged            |     8 |       |     8 ||    16
Block: Buckler           |     2 |       |       ||     2
